 Seeded DCSS version 0.29-a0-311-gcbd9eb2 (webtiles) character file.

Game seed: 8598121536974683418 (custom seed)

252 Ayyar the Skirmisher (level 6, -1/43 HPs)
             Began as a Human Abyssal Knight on Mar 27, 2022.
             Was a Believer of Lugonu.
             Slain by an iguana (3 damage)
             ... on level 4 of the Dungeon on Mar 28, 2022.
             The game lasted 00:10:29 (4182 turns).

Ayyar the Skirmisher (Human Abyssal Knight)         Turns: 4182, Time: 00:10:30

Health: -1/43      AC:  3    Str: 15    XL:     6   Next: 36%
Magic:  8/8        EV: 12    Int: 10    God:    Lugonu [**....]
Gold:   147        SH:  0    Dex: 16    Spells: 5/5 levels left

rFire   . . .      SeeInvis +   a - +1 falchion
rCold   . . .      Faith    .   (no shield)
rNeg    . . .      Spirit   .   b - +0 leather armour
rPois   .          Reflect  .   (no helmet)
rElec   .          Harm     .   (no cloak)
rCorr   .          Rampage  .   (no gloves)
Will    .....                   (no boots)
Stlth   ++........              (no amulet)
HPRegen 0.14/turn               q - ring of see invisible
MPRegen 0.11/turn               (no ring)

@: no status effects
A: thin skeletal structure 1, see invisible, frail 1
a: Renounce Religion, Depart the Abyss, Bend Space


You were on level 4 of the Dungeon.
You worshipped Lugonu.
Lugonu was pleased with you.
You visited 1 branch of the dungeon, and saw 4 of its levels.
You visited the Abyss 1 time.

You collected 147 gold pieces.

Inventory:

Hand Weapons
 a - a +1 falchion (weapon)
Missiles
 d - 6 poisoned darts (quivered)
Armour
 b - a +0 leather armour (worn)
 k - a +0 plate armour
Jewellery
 f - an amulet of guardian spirit
 q - a ring of see invisible (left hand)
Scrolls
 c - a scroll of teleportation {unknown}
 i - a scroll of fog {unknown}
 j - a scroll of identify {unknown}
 p - 2 scrolls of amnesia {unknown}
 r - a scroll of vulnerability {unknown}
 s - a scroll of magic mapping {unknown}
Potions
 e - 2 potions of brilliance
 g - a potion of resistance {unknown}
 h - a potion of mutation
 l - a potion of curing {unknown}
 m - a potion of flight {unknown}
 o - a potion of attraction {unknown}


   Skills:
 + Level 3.9 Fighting
 + Level 3.2 Long Blades
 + Level 3.2 Armour
 + Level 2.7 Dodging
 + Level 3.4 Invocations


You had 5 spell levels left.
You didn't know any spells.
Your spell library contained the following spells:

 Spells                   Type           Power      Damage    Failure   Level
 Animate Skeleton         Necr           0%         N/A       43%         1
 Magic Dart               Conj           0%         1d3       43%         1
 Pain                     Necr           0%         1d4       43%         1
 Searing Ray              Conj           0%         2d4       56%         2
 Call Canine Familiar     Summ           0%         N/A       80%         3
 Gell's Gravitas          Tloc           0%         N/A       80%         3
 Lesser Beckoning         Tloc           0%         N/A       80%         3
 Portal Projectile        Hex/Tloc       0%         N/A       80%         3
 Teleport Other           Tloc           0%         N/A       80%         3
 Vampiric Draining        Necr           0%         2d6       80%         3
 Fulminant Prism          Conj/Hex       0%         3d6       99%         4
 Leda's Liquefaction      Hex/Erth       0%         N/A       99%         4


Dungeon Overview and Level Annotations

Branches:
Dungeon (4/15)
 Temple: D:4-7

Altars:


Innate Abilities, Weirdness & Mutations

You have a somewhat thin skeletal structure. (Dex +2, Stealth+)
You have supernaturally acute eyesight. (SInv)
You are frail. (-10% HP)


Message History

The orc priest calls down the wrath of Beogh upon you.
Pain shoots through your body!
* * * LOW HITPOINT WARNING * * *
The orc priest hits you with a +0 hand axe.
* * * LOW HITPOINT WARNING * * *
You hear an angry hiss.
You hit the orc priest.
The orc priest is heavily wounded.
The orc priest barely misses you.
You hit the orc priest.
The orc priest is heavily wounded.
The orc priest hits you but does no damage.
You hit the orc priest.
The orc priest is severely wounded.
The orc priest looks braver for a moment.
You closely miss the orc priest.
The orc priest is severely wounded.
The orc priest closely misses you.
You hit the orc priest.
The orc priest is almost dead.
The orc priest barely misses you.
You hit the orc priest.
You kill the orc priest!
Lugonu accepts your kill.
You barely miss the iguana. The iguana closely misses you. x2
You hit the iguana but do no damage. The iguana barely misses you.
You hit the iguana.
The iguana is lightly wounded.
The iguana bites you!
* * * LOW HITPOINT WARNING * * *
You hit the iguana but do no damage.
The iguana is lightly wounded.
The iguana barely misses you.
You slash the iguana!
The iguana is heavily wounded.
The iguana barely misses you.
You slash the iguana!
The iguana is almost dead.
The iguana bites you.
You die...

.##
############..#
#...lo........#
#...o####.....#
#... #.....# #..
####o....# #.#
##.#.###..# ##.#
#.#l## ..# #..#
##.#@# .#
#..###.#.## .#
#.....####
#.....#
######.....###
#..............
###.......#######
..#.......#
#.#.......#


You could see an iguana.

Vanquished Creatures
  A sky beast (D:4)
  A hound (D:3)
  An orc priest (D:4)
  5 adders (D:2)
  An ufetubus (D:4)
  A dart slug (D:3)
  2 orcs (D:4)
  9 bats
  3 endoplasms
  A giant cockroach (D:3)
  8 goblins
  4 hobgoblins
  2 quokkas
  3 ball pythons
  4 frilled lizards
  5 kobolds
  5 rats
56 creatures vanquished.

Vanquished Creatures (others)
  2 plants (D:2)
2 creatures vanquished.

Grand Total: 58 creatures vanquished

Notes
Turn   | Place    | Note
-------+----------+-------------------------------------------
     0 | Abyss:1  | Ayyar the Human Abyssal Knight began the quest for the Orb.
     0 | Abyss:1  | Reached XP level 1. HP: 18/18 MP: 2/2
     3 | Abyss:1  | Found a corrupted altar of Lugonu.
   134 | Abyss:3  | Found a corrupted altar of Lugonu.
   163 | Abyss:3  | Noticed a starcursed mass
   164 | D:1      | Escaped the Abyss
   319 | D:1      | Reached XP level 2. HP: 16/24 MP: 3/3
   862 | D:1      | Reached ** piety under Lugonu
  1170 | D:2      | Reached XP level 3. HP: 25/29 MP: 4/4
  1525 | D:2      | Reached XP level 4. HP: 20/35 MP: 5/5
  2504 | D:2      | Found a faded altar of an unknown god.
  3099 | D:3      | Reached XP level 5. HP: 30/41 MP: 7/7
  3588 | D:4      | Upgraded the game from 0.29-a0-307-gecccbbd to
                  | 0.29-a0-311-gcbd9eb2
  3595 | D:4      | Noticed a sky beast
  3930 | D:4      | Killed a sky beast
  3931 | D:4      | Reached XP level 6. HP: 22/48 MP: 8/8
  4154 | D:4      | Gained mutation: You have a somewhat thin skeletal
                  | structure. (Dex +2, Stealth+) [potion of mutation]
  4154 | D:4      | Gained mutation: You are frail. (-10% HP) [potion of
                  | mutation]
  4154 | D:4      | Gained mutation: You have supernaturally acute eyesight.
                  | (SInv) [potion of mutation]
  4179 | D:4      | HP: 1/43 [iguana (10)]
  4182 | D:4      | Slain by an iguana

Illustrated notes

Levels and vault maps discovered:
D:1:      dpeg_arrival_ternary, layout_loops_ring
D:2:      layout_loops_corners, basic_ecumenical_altar, serial_bayou,
          serial_bayou_pond_d, serial_bayou_shore_a, serial_bayou_crossing,
          serial_bayou_ford_a
D:3:      layout_basic
D:4:      layout_rooms, serial_rivers, chequers_serial_rivers_micro_a,
          chequers_serial_rivers_small_3, chequers_serial_rivers_small_b,
          chequers_serial_rivers_small_b, chequers_serial_rivers_small_a,
          minivault_24

Skill      XL: |  1  2  3  4  5 |
---------------+----------------+-----
Dodging        | 2 |  2.7
Invocations    | 3 |  3.4
Long Blades    | 3 |  3.2
Armour         | 3 |  3.2
Fighting       | |  3.9

Action                   |  1- 3 |  4- 6 || total
-------------------------+-------+-------++-------
Melee: Falchion          |    93 |   165 ||   258
       Punch             |     1 |     3 ||     4
Throw: Dart              |       |     2 ||     2
Invok: Depart the Abyss  |     1 |       ||     1
  Use: Potion            |     2 |     2 ||     4
Armor: Leather armour    |    23 |    54 ||    77
Dodge: Dodged            |    80 |   149 ||   229

Table legend: (Time is in decaauts)
 A = Elapsed time spent in this place.
 B = Non-inter-level travel time spent in this place.
 C = Inter-level travel time spent in this place.
 D = Time resting spent in this place.
 E = Time spent auto-exploring this place.
 F = Levels seen in this place.
 G = Mean time per level.
                   A        B        C        D        E       F      G
               +--------+--------+--------+--------+--------+-----+--------+
         Total |   4258 |   4071 |    187 |    248 |   3119 |   7 |  608.3 |
       Dungeon |   4095 |   3908 |    187 |    248 |   3015 |   4 | 1023.8 |
         Abyss |    163 |    163 |      0 |      0 |    104 |   3 |   54.3 |
               +--------+--------+--------+--------+--------+-----+--------+

Top non-repeatable levels by time:
     D:2: 1614 daAuts
     D:3: 1033 daAuts
     D:1: 949 daAuts
     D:4: 497 daAuts
 Abyss:1: 73 daAuts
 Abyss:2: 58 daAuts
 Abyss:3: 31 daAuts
